 Dungeon Crawl Stone Soup version 0.30-a0-956-gcec3b41aec (webtiles) character file.

Game seed: 3648707992650400039

12 BlueFish the Grasshopper (level 2, 0/19 HPs)
             Began as an Octopode Warper on Mar 30, 2023.
             Slain by a kobold
             ... wielding a +0 short sword
              (2 damage)
             ... on level 1 of the Dungeon.
             The game lasted 00:00:40 (192 turns).

BlueFish the Grasshopper (Octopode Warper)           Turns: 192, Time: 00:00:40

Health: 0/19       AC:  1    Str: 10    XL:     2   Next: 33%
Magic:  5/5        EV: 13    Int: 15    God:
Gold:   7          SH:  0    Dex: 11    Spells: 1/5 levels left

rFire   . . .      SeeInvis .    c - +0 club
rCold   . . .      Faith    .    (no shield)
rNeg    . . .      Spirit   .    (helmet restricted)
rPois   .          Reflect  .    (no amulet)
rElec   .          Rampage  .    (no ring)
rCorr   .                        (no ring)
Will    .....                    (no ring)
Stlth   +++                      (no ring)
HPRegen 0.23/turn                (no ring)
MPRegen 0.09/turn                (no ring)
                                 (no ring)
                                 (no ring)

@: no status effects
A: almost no armour, amphibious, 8 rings, camouflage 1, gelatinous body 1,
(nimble swimmer 1), tentacles
a: no special abilities


You were on level 1 of the Dungeon.
You visited 1 branch of the dungeon, and saw 1 of its levels.

You collected 7 gold pieces.

Inventory:

Hand Weapons
 c - a +0 club (weapon)
Missiles
 b - 7 boomerangs of dispersal (quivered)
 e - 8 stones
Scrolls
 a - a scroll of blinking
 d - a scroll of identify {unknown}


   Skills:
 + Level 2.1 Fighting
 * Level 0.4 Maces & Flails
 + Level 1.2 Throwing
 + Level 2.4 Dodging
 * Level 1.3 Stealth
 - Level 2.0 Unarmed Combat
 + Level 2.0 Spellcasting
 + Level 3.0 Translocations


You had one spell level left.
You knew the following spells:

 Your Spells              Type           Power      Damage    Failure   Level
a - Blink                 Tloc           20%        N/A       10%         2
b - Lesser Beckoning      Tloc           20%        N/A       10%         2

Your spell library contained the following spells:

 Spells                   Type           Power      Damage    Failure   Level
 Teleport Other           Tloc           10%        N/A       19%         3
 Scorch                   Fire           2%         2d5       32%         2
 Vhi's Electric Charge    Tloc/Air       12%        N/A       34%         3
 Manifold Assault         Tloc           10%        N/A       52%         4
 Flame Wave               Conj/Fire      1%         2d4       91%         4
 Summon Cactus Giant      Summ           0%         N/A       100%        6


Dungeon Overview and Level Annotations

Branches:
Dungeon (1/15)

Altars:


Innate Abilities, Weirdness & Mutations

You cannot wear most types of armour.
You are amphibious.
You can wear up to eight rings at the same time.
Your skin changes colour to match your surroundings (Stealth+).
Your rubbery body absorbs attacks. (AC +1, EV +1)
((You are camouflaged when in or above water. (Stealth+)))
You have tentacles for arms and can constrict up to eight enemies at once.


Message History

You pick up a book of Scorching and begin reading...
You add the spells Scorch, Flame Wave and Summon Cactus Giant to your library.
Found 6 stones.
You now have 7 gold pieces (gained 2).
Found 8 stones.
A quokka comes into view.
Found 21 gold pieces.
You see here 8 stones.
e - 8 stones A goblin and a kobold come into view.
The kobold shouts!
The goblin shouts!
The kobold hits you with a +0 short sword.
You see here 12 gold pieces.
You barely miss the quokka. Your grab misses the quokka. The quokka bites you.
The kobold hits you with a +0 short sword.
You closely miss the quokka. You grab the quokka. You squeeze the quokka.
You kill the quokka!
The kobold misses you.
An endoplasm comes into view.
You closely miss the goblin. Your grab misses the goblin.
The kobold hits you with a +0 short sword.
The goblin barely misses you.
You hit the goblin. You grab the goblin.
The goblin is heavily wounded.
You constrict the goblin. The kobold closely misses you.
The goblin barely misses you.
The kobold hits you with a +0 short sword.
* * * LOW HITPOINT WARNING * * *
The goblin closely misses you.
You barely miss the goblin.
The goblin is severely wounded.
You constrict the goblin.
You kill the goblin!
The kobold hits you with a +0 short sword.
* * * LOW HITPOINT WARNING * * *
You hit the kobold. You grab the kobold.
The kobold is moderately wounded.
You constrict the kobold.
The kobold hits you with a +0 short sword.
You die...

.### . ##.... .#..#
#..... ...... #....#
#..... .....#.#...
#..... ...#..#..! #.....
.#....#.# #.....
#$....#.# #.....
#@....#.#####.....
#.K#J...#...........
#....#..#..#####.....
#......#.#..#####..(..
#........#..##........#
..##....##..###........#
. ..####...## #.........
... ...#. #......... ..
#...#. #.........


You could see an endoplasm and a kobold.

Vanquished Creatures
  2 ball pythons (D:1)
  A bat (D:1)
  3 goblins (D:1)
  A quokka (D:1)
  A frilled lizard (D:1)
  A kobold (D:1)
  2 rats (D:1)
11 creatures vanquished.

Notes
Turn   | Place    | Note
-------+----------+-------------------------------------------
     0 | D:1      | BlueFish the Octopode Warper began the quest for the Orb.
     0 | D:1      | Reached XP level 1. HP: 14/14 MP: 3/3
    66 | D:1      | Reached skill level 1 in Stealth
    68 | D:1      | Reached XP level 2. HP: 9/19 MP: 5/5
    73 | D:1      | Learned a level 2 spell: Blink
    76 | D:1      | Learned a level 2 spell: Lesser Beckoning
   192 | D:1      | Slain by a kobold

Illustrated notes

Levels and vault maps discovered:
D:1:      pf_arrival_petrified_forest, layout_basic,
          chequers_ecumenical_altar_simple_redux, minmay_circled_x

Skill      XL: |  1 |
---------------+----+-----
Stealth        | 1 |  1.3
Fighting       | |  2.1
Maces & Flails | |  0.4
Throwing       | |  1.2
Dodging        | |  2.4
Unarmed Combat | |  2.0
Spellcasting   | |  2.0
Translocations | |  3.0

Action                     || total
---------------------------++-------
  Melee: Unarmed           ||     8
         Club              ||    14
         Constrict         ||     8
         Tentacles         ||     2
 Armour: Skin              ||     2
  Dodge: Dodged            ||    15

Table legend: (Time is in decaauts)
 A = Elapsed time spent in this place.
 B = Non-inter-level travel time spent in this place.
 C = Inter-level travel time spent in this place.
 D = Time resting spent in this place.
 E = Time spent auto-exploring this place.
 F = Levels seen in this place.
 G = Mean time per level.
                   A        B        C        D        E       F      G
               +--------+--------+--------+--------+--------+-----+--------+
         Total |    194 |    194 |      0 |      0 |    117 |   1 |  194.0 |
       Dungeon |    194 |    194 |      0 |      0 |    117 |   1 |  194.0 |
               +--------+--------+--------+--------+--------+-----+--------+

Top non-repeatable levels by time:
     D:1: 194 daAuts
